 Dungeon Crawl Stone Soup version 0.28.0-47-ge53b351184 (webtiles) character file.

Game seed: 9304446741607101478

232 Gabide the Grave Robber (level 5, -1/38 HPs)
             Began as a Mummy Necromancer on May 10, 2022.
             Was a Follower of Sif Muna.
             Slain by an orc wizard
             ... wielding a +0 dagger
              (3 damage)
             ... on level 3 of the Dungeon.
             The game lasted 00:04:44 (2294 turns).

Gabide the Grave Robber (Mummy Necromancer)         Turns: 2294, Time: 00:04:45

Health: -1/38      AC:  3    Str: 12    XL:     5   Next: 73%
Magic:  0/10       EV: 12    Int: 16    God:    Sif Muna [*.....]
Gold:   88         SH:  0    Dex: 12    Spells: 7/11 levels left

rFire   x . .      SeeInvis .   e - +2 whip (elec)
rCold   + . .      Faith    .   (no shield)
rNeg    + + +      Spirit   .   a - +0 robe
rPois   ∞          Reflect  .   d - +0 helmet
rElec   .          Harm     .   (no cloak)
rCorr   .          Rampage  .   (no gloves)
Will    .....                   (no boots)
Stlth   ++........              (no amulet)
HPRegen 0.12/turn               (no ring)
MPRegen 0.12/turn               (no ring)

@: no status effects
A: cold resistance 1, negative energy resistance 3, torment resistance 2, heat
vulnerability 1, no potions
a: Renounce Religion, Channel Magic


You were on level 3 of the Dungeon.
You worshipped Sif Muna.
Sif Muna was aware of your devotion.
You visited 1 branch of the dungeon, and saw 3 of its levels.

You collected 88 gold pieces.

Inventory:

Hand Weapons
 e - a +2 whip of electrocution (weapon)
Armour
 a - a +0 robe (worn)
 d - a +0 helmet (worn)
Scrolls
 b - a scroll of identify
 c - a scroll of amnesia


   Skills:
 * Level 1.8 Fighting
 * Level 2.4 Dodging
 - Level 1.5 Stealth
 + Level 3.7 Spellcasting
 * Level 5.1 Necromancy
 * Level 2.2 Invocations


You had 7 spell levels left.
You knew the following spells:

 Your Spells              Type           Power      Damage    Failure   Level
a - Pain                  Necr           76%        1d7       2%          1
b - Vampiric Draining     Necr           19%        2d7       6%          3

Your spell library contained the following spells:

 Spells                   Type           Power      Damage    Failure   Level
 Animate Skeleton         Necr           38%        N/A       2%          1
 Animate Dead             Necr           9%         N/A       22%         4
 Summon Guardian Golem    Hex/Summ       2%         N/A       45%         3
 Agony                    Necr           19%        N/A       52%         5
 Orb of Destruction       Conj           1%         9d5       100%        7
 Spellforged Servitor     Conj/Summ      1%         N/A       100%        7


Dungeon Overview and Level Annotations

Branches:
Dungeon (3/15)

Altars:
Sif Muna


Innate Abilities, Weirdness & Mutations

You are immune to poison.
Your flesh is cold resistant. (rC+)
You are immune to negative energy. (rN+++)
You are immune to unholy pain and torment.
You are vulnerable to heat. (rF-)
You do not drink.


Message History

You closely miss something. The orc hits you with a +0 club.
You hear some strange, mumbled words.
Something tries to affect you, but you resist.
You barely miss something. Something hits you. The orc barely misses you.
You miss something. The orc hits you but does no damage. Something hits you.
You closely miss something. The orc hits you with a +0 club.
Something hits you but does no damage.
Your magical contamination has completely faded away.
You miss something. The orc closely misses you. Something hits you.
You closely miss something. Something hits you. The orc barely misses you.
Aiming: Pain (safe; 2% risk of failure)
Press: ? - help, Q - select action, (/) - cycle Shift-Dir - straight line Something writhes in agony.
The orc hits you with a +0 club. Something hits you.
* * * LOW HITPOINT WARNING * * *
You hit something. Something hits you.
* * * LOW HITPOINT WARNING * * *
The orc barely misses you.
Aiming: Pain (safe; 2% risk of failure)
Press: ? - help, Q - select action, (/) - cycle Shift-Dir - straight line Something writhes in agony!
Something hits you.
* * * LOW HITPOINT WARNING * * *
The orc hits you but does no damage.
You closely miss something.
You hear some strange, mumbled words.
Something tries to affect you, but you resist.
The orc hits you but does no damage.
You miss something. Something hits you but does no damage.
The orc closely misses you. Something completely misses you.
The orc closely misses you.
You closely miss something. Something hits you.
* * * LOW HITPOINT WARNING * * *
The orc hits you with a +0 club.
* * * LOW HITPOINT WARNING * * *
Something hits you.
* * * LOW HITPOINT WARNING * * *
You see here a +0 dagger.
You miss something. Something hits you.
You die...

##.. ##...####
#...#####
##..###
........###..##
......†.##..##
........#..##
..........##
..####.###
###....#
#o@.####
#rS{).#
#J###..# ..w
##.# .... ...
..... .... ....
..$.. ....
.#.#.


You could see an adder, an orc, an endoplasm and a rat.

Vanquished Creatures
  Sigmund (D:2)
  Jessica (D:3)
  An adder (D:2)
  2 orcs (D:3)
  4 endoplasms
  3 giant cockroaches
  3 goblins
  2 hobgoblins (D:1)
  4 jackals (D:2)
  2 quokkas
  4 ball pythons
  6 bats
  3 frilled lizards
  3 kobolds
  A rat (D:2)
40 creatures vanquished.

Notes
Turn   | Place    | Note
-------+----------+-------------------------------------------
     0 | D:1      | Gabide the Mummy Necromancer began the quest for the Orb.
     0 | D:1      | Reached XP level 1. HP: 13/13 MP: 4/4
   276 | D:1      | Reached XP level 2. HP: 20/20 MP: 0/5
   524 | D:1      | Found a faded altar of an unknown god.
   536 | D:1      | Prayed at the altar of an unknown god.
   536 | D:1      | Became a worshipper of Sif Muna the Loreminder
   536 | D:1      | Reached * piety under Sif Muna
  1146 | D:2      | Noticed Sigmund
  1445 | D:2      | Reached XP level 3. HP: 7/25 MP: 0/7
  1810 | D:2      | Learned a level 3 spell: Vampiric Draining
  1820 | D:2      | Killed Sigmund
  1821 | D:2      | Reached skill level 1 in Fighting
  1821 | D:2      | Reached skill level 5 in Necromancy
  1821 | D:2      | Reached XP level 4. HP: 31/32 MP: 0/9
  1821 | D:2      | Reached XP level 5. HP: 36/37 MP: 0/10
  2174 | D:3      | Noticed Jessica
  2178 | D:3      | Killed Jessica
  2294 | D:3      | Slain by an orc wizard

Illustrated notes

Levels and vault maps discovered:
D:1:      lemuel_arrival_lava_pool, layout_loops_ring,
          chequers_ecumenical_altar_simple
D:2:      layout_rooms, kennysheep_minor_cross, uniq_sigmund
D:3:      layout_rooms, nicolae_vehumet_altar_sigil, ebering_ghost_gozag,
          st_stairs_2, grunt_ministairs_4, minmay_misc_feat_room,
          minmay_hedge_maze, uniq_grinder, uniq_natasha, uniq_jessica,
          uniq_pargi

Skill      XL: |  1  2  3 |
---------------+----------+-----
Spellcasting   | 3 |  3.7
Fighting       | 1 |  1.8
Dodging        | 2 |  2.4
Necromancy     | 5 |  5.1
Invocations    | 2 |  2.2
Stealth        | |  1.5

Action                   |  1- 3 |  4- 6 || total
-------------------------+-------+-------++-------
Melee: Whip              |    12 |    14 ||    26
       Punch             |     1 |       ||     1
 Cast: Pain              |    60 |    21 ||    81
       Vampiric Draining |     2 |     1 ||     3
  Use: Scroll            |     2 |       ||     2
Armor: Robe              |     9 |     6 ||    15
Dodge: Dodged            |    32 |    12 ||    44
